AoeStats
← Broots

Nomad

509944860Analyzed
2v2 RM · 5d ago on Sep 28, 2026· 78m 4s· 4 players
Game mode
Random Map
Map size
176×176
Population
200
Speed
Normal
Resources
Standard
Victory
Conquest
Starting age
Dark Age
Ending age
Imperial Age
RankedLock teamsTeams togetherTeam positionsShared explorationLock speedFull tech treeHidden civsTurbo modeCheats
Victory
Defeat
🇿🇦 Vikings · South Africa
1050
+15
🇿🇦 Japanese · South Africa
1049
+15
🇩🇪 Spanish · Germany
1025
-15
🇩🇪 Persians · Germany
1025
-15
Broots
5:00 Loom
18:53 Feudal Age
19:51 Double-Bit Axe
22:22 Horse Collar
23:23 Scale Barding Armor
25:23 Castle Age
25:59 Bloodlines
27:23 Chain Barding Armor
27:14 Forging
32:30 Wheelbarrow
35:52 Hand Cart
35:23 Town Watch
37:31 Ballistics
38:15 Fletching
38:25 Padded Archer Armor
39:15 Bodkin Arrow
40:28 Bow Saw
40:27 Heavy Plow
49:14 Imperial Age
53:36 Pikeman
66:00 Imperial Age
65:13 Iron Casting
64:56 Scale Mail Armor
67:08 Conscription
67:35 Chain Mail Armor
68:27 Padded Archer Armor
68:45 Elite Skirmisher
71:54 Bracer
72:10 Leather Archer Armor
76:31 Man-at-Arms
76:57 Gambesons
onerom
4:46 Loom
14:54 Feudal Age
18:55 Castle Age
18:26 Fishing Lines
18:44 Double-Bit Axe
20:11 Man-at-Arms
20:37 Gambesons
21:53 Gillnets
23:07 Long Swordsman
28:25 Horse Collar
33:14 Kamandaran
33:42 Crossbowman
34:15 Fletching
34:25 Padded Archer Armor
37:36 Heavy Plow
40:29 Imperial Age
38:28 Murder Holes
40:29 Thumb Ring
40:51 Ballistics
47:55 Bodkin Arrow
48:16 Leather Archer Armor
49:35 Bow Saw
51:37 Cavalier
52:18 Husbandry
52:28 Bloodlines
55:33 Savar
62:57 Two-Man Saw
62:39 Crop Rotation
62:51 Wheelbarrow
64:38 Conscription
64:54 Hoardings
64:46 Medium Warships
64:57 Scale Barding Armor
65:03 Forging
64:17 Light Cavalry
65:35 Masonry
66:26 Chemistry
65:40 Masonry
68:27 Chain Barding Armor
68:43 Iron Casting
69:47 Coinage
74:10 Hand Cart
74:55 Hussar
Groot Sap Pappa
7:10 Loom
14:12 Feudal Age
16:00 Double-Bit Axe
20:44 Castle Age
22:20 Pikeman
24:14 Forging
23:52 Pikeman
24:37 Squires
25:44 Iron Casting
26:14 Scale Mail Armor
33:21 Medium Warships
40:00 Horse Collar
46:28 Imperial Age
45:27 Chain Mail Armor
45:49 Ballistics
46:25 Murder Holes
47:48 Wheelbarrow
48:40 Chemistry
48:52 Arson
51:09 Hand Cart
51:30 Illumination
51:23 Block Printing
51:52 Theocracy
51:49 Elite Skirmisher
52:34 Thumb Ring
52:44 Fletching
52:54 Padded Archer Armor
54:23 Elite Samurai
55:00 Bodkin Arrow
55:20 Leather Archer Armor
56:14 Bracer
60:44 Halberdier
65:19 Heavy Warships
69:43 Ring Archer Armor
70:13 Blast Furnace
69:44 Plate Mail Armor
70:32 Kataparuto
77:26 Capped Ram
78:17 Town Watch
A_K_
9:29 Loom
14:42 Feudal Age
15:50 Arson
16:01 Double-Bit Axe
16:08 Man-at-Arms
16:51 Fishing Lines
19:42 Stone Mining
22:50 Castle Age
21:45 Scale Mail Armor
23:13 Gold Mining
25:32 Bow Saw
28:58 Forging
38:03 Imperial Age
35:55 Gillnets
37:58 Chieftains
39:45 Gold Shaft Mining
43:25 Cavalier
50:39 Elite Skirmisher
61:59 Chemistry
61:18 Crossbowman
63:42 Ballistics
63:29 Siphons
65:06 Fortified Wall
64:47 Arbalester
66:31 Medium Warships
65:42 Elite Longship
68:12 Treadmill Crane
68:18 Arrowslits
69:02 Padded Archer Armor
68:52 Fletching
71:10 Leather Archer Armor
70:50 Bodkin Arrow
71:23 Capped Ram
72:23 Siege Ram
73:15 Bracer
73:46 Ring Archer Armor
78:18 Iron Casting
77:58 Chain Mail Armor
77:45 Pikeman
78:25 Squires
77:50 Elite Varangian Guard
Connection lost

Rejoining the realm…

Still unreachable

The connection could not be restored.

Session expired

The server has moved on; the page needs a fresh start.